 Dungeon Crawl Stone Soup version 0.25.1-2-g60ff931df9 (webtiles) character file.

Game seed: 1611683958259611665

110 Kold the Insei (level 4, -4/28 HPs)
             Began as an Octopode Transmuter on Aug 14, 2020.
             Killed from afar by an orc wizard (5 damage)
             ... with a magic dart
             ... on level 3 of the Dungeon.
             The game lasted 00:03:33 (3255 turns).

Kold the Insei (Octopode Transmuter)                Turns: 3255, Time: 00:03:35

Health: -4/28      AC:  1    Str:  9    XL:     4   Next: 91%
Magic:  7/7        EV: 13    Int: 16    God:
Gold:   199        SH:  0    Dex: 14    Spells: 1/7 levels left

rFire    + . .     SeeInvis .     - Unarmed
rCold    . . .     Gourm    .   (no shield)
rNeg     . . .     Faith    .   (helmet restricted)
rPois    .         Spirit   .   (no amulet)
rElec    .         Reflect  .   (no ring)
rCorr    .         Harm     .   (no ring)
MR       .....                  (no ring)
Stlth    +++.......             (no ring)
HPRegen  0.09/turn              (no ring)
MPRegen  0.10/turn              (no ring)
                                (no ring)
                                (no ring)

@: slowed, very slow
A: almost no armour, stealthy swim, amphibious, 8 rings, constrict 8, antennae
1, camouflage 1, agile 1, fire resistance 1, gelatinous body 1
a: no special abilities


You were on level 3 of the Dungeon.
You were not hungry.

You visited 1 branch of the dungeon, and saw 3 of its levels.

You collected 199 gold pieces.

Inventory:

Missiles
 a - 68 arrows
Jewellery
 i - an uncursed ring of ice
Wands
 j - a wand of iceblast (8)
Scrolls
 d - 3 scrolls of teleportation {unknown}
 f - 2 scrolls of identify {unknown}
 g - 2 scrolls of enchant weapon {unknown}
 h - 2 scrolls of immolation {unknown}
 m - a scroll of noise {unknown}
 n - a scroll of enchant armour {unknown}
 o - a scroll of magic mapping {unknown}
 p - a scroll of random uselessness {unknown}
Potions
 k - a potion of brilliance
Comestibles
 b - 3 chunks of flesh
 c - 8 rations


   Skills:
 - Level 1.0 Fighting
 - Level 2.0 Dodging
 + Level 4.3 Unarmed Combat
 - Level 2.0 Spellcasting
 + Level 3.7 Transmutations


You had one spell level left.
You knew the following spells:

 Your Spells              Type           Power        Failure   Level  Hunger
a - Beastly Appendage     Tmut           ##....       4%          1    #......
b - Sticks to Snakes      Tmut           ##......     7%          2    ###....
c - Spider Form           Tmut/Pois      #.........   28%         3    ###....

Your spell library contained the following spells:

 Spells                   Type           Power        Failure   Level  Hunger
 Ice Form                 Ice/Tmut       #.......     67%         4    #####..
 Blade Hands              Tmut           ##........   77%         5    ######.


Dungeon Overview and Level Annotations

Branches:
Dungeon (3/15)

Altars:
Sif Muna


Innate Abilities, Weirdness & Mutations

You cannot wear most types of armour.
You are very stealthy in the water. (Stealth+)
You are amphibious.
You can wear up to eight rings at the same time.
You can use your tentacles to constrict eight enemies at once.
Your skin changes colour to match your surroundings (Stealth+).
Your rubbery body absorbs attacks. (AC +1, EV +1)
You have a pair of small antennae on your head.
You are agile. (Dex +2)
Your flesh is heat resistant. (rF+)


Message History

You squeeze the orc wizard.
The orc wizard is severely wounded.
You constrict the orc wizard.
The orc wizard hits you with a +0 dagger. x2
* * * LOW HITPOINT WARNING * * *
The orc wizard closely misses you.
You tentacle-slap the orc wizard but do no damage.
The orc wizard is almost dead.
You constrict the orc wizard.
The orc wizard hits you but does no damage.
The orc wizard hits you with a +0 dagger.
* * * LOW HITPOINT WARNING * * *
It was a potion of mutation.
You feel extremely strange.
You feel resistant to heat. A pair of antennae grows on your head!
You feel agile.
Your tentacle spike disappears.
You constrict the orc wizard.
The orc wizard points at you and mumbles some strange words.
The magic dart hits you.
You die...

#### ######..##
#.≈).#8..###
#>@o.'._...#
#.≈..#8..#.########
######..##....#....
####..........
#............
#............
#............
#............
#............


You could see an orc wizard (fast).

Vanquished Creatures
  An orc wizard (D:3)
  An adder (D:3)
  An ooze (D:1)
  3 worms (D:2)
  2 dart slugs (D:1)
  A ball python (D:2)
  7 bats
  3 giant cockroaches
  5 goblins
  11 hobgoblins
  7 jackals (D:2)
  2 frilled lizards
  3 kobolds (D:2)
  4 rats
51 creatures vanquished.

Notes
Turn   | Place    | Note
-------+----------+-------------------------------------------
     0 | D:1      | Kold the Octopode Transmuter began the quest for the Orb.
     0 | D:1      | Reached XP level 1. HP: 13/13 MP: 3/3
   453 | D:1      | Reached XP level 2. HP: 18/18 MP: 3/5
  1022 | D:1      | Reached XP level 3. HP: 23/23 MP: 4/6
  1032 | D:1      | Learned a level 2 spell: Sticks to Snakes
  1036 | D:1      | Learned a level 3 spell: Spider Form
  1566 | D:2      | HP: 1/23 [kobold/+0 dagger (1)]
  2295 | D:2      | Reached XP level 4. HP: 28/28 MP: 7/7
  2361 | D:2      | Reached skill level 4 in Unarmed Combat
  3230 | D:3      | Found a shimmering blue altar of Sif Muna.
  3254 | D:3      | HP: 1/28 [orc wizard/+0 dagger (5)]
  3255 | D:3      | Gained mutation: Your flesh is heat resistant. (rF+)
                  | [potion of mutation]
  3255 | D:3      | Gained mutation: You have a pair of small antennae on your
                  | head. [potion of mutation]
  3255 | D:3      | Gained mutation: You are agile. (Dex +2) [potion of
                  | mutation]
  3255 | D:3      | Killed from afar by an orc wizard

Illustrated notes

Levels and vault maps discovered:
D:1:      nagdon_arrival_double_spiral, layout_basic
D:2:      layout_loops_ring, first_ration
D:3:      layout_rooms, led_sif_book

Skill      XL: |  1  2  3  4 |
---------------+-------------+-----
Transmutations | 3 |  3.7
Unarmed Combat | 4 |  4.3
Fighting       | |  1.0
Dodging        | |  2.0
Spellcasting   | |  2.0

Action                   |  1- 3 |  4- 6 || total
-------------------------+-------+-------++-------
Melee: Unarmed           |    83 |    35 ||   118
       Constrict         |    25 |    10 ||    35
       Kick              |    19 |     9 ||    28
       Tentacles         |    12 |     4 ||    16
       Punch             |     4 |       ||     4
 Cast: Beastly Appendage |    18 |    11 ||    29
  Use: Potion            |     2 |     2 ||     4
 Stab: Sleeping          |     8 |     7 ||    15
  Eat: Chunk             |     5 |     3 ||     8
Armor: Skin              |    12 |     1 ||    13
Dodge: Dodged            |    49 |    16 ||    65
